[Event "Satka Autumn 2018"]
[Site "Satka"]
[Date "2018.09.12"]
[Round "2"]
[White "Kovanova, Baira"]
[Black "Filippova, Darya"]
[Result "1/2-1/2"]
[ECO "B11"]
[WhiteElo "2363"]
[BlackElo "2061"]
[Annotator "NA"]
[PlyCount "66"]
[EventDate "2018.09.11"]
[EventType "swiss"]
[EventCountry "RUS"]
[SourceTitle "playchess.com"]
[Source "ChessBase"]
[SourceQuality "1"]
[TimeControl "40/5400+30:1800+30"]

1. e4 c6 2. Nc3 d5 3. Nf3 Bg4 4. h3 Bxf3 5. Qxf3 Nf6 6. Be2 g6 {[%emt 0:10:55] LiveBook: 3 Partien} 7. e5 ({Günstiger ist} 7. h4 $14) 7... Nfd7 $1 8. d4 e6 9. Qg3 Qb6 10. Qf4 Bg7 11. O-O O-O 12. Na4 Qc7 13. b3 $17 (13. b4 $11 {keeps the balance.}) 13... b5 14. Nc3 b4 15. Na4 c5 16. c3 Nc6 17. dxc5 Bxe5 18. Qd2 Nxc5 19. Bb2 Nxa4 20. bxa4 bxc3 21. Bxc3 Bxc3 22. Qxc3 Qe5 23. Qxc6 Qxe2 24. Rfe1 Qd2 25. Qa6 Rfc8 26. Rad1 Qf4 27. g3 Qc4 28. Rxe6 fxe6 29. Qxe6+ Kh8 30. Qf6+ Kg8 31. Qe6+ Kh8 32. Qf6+ Kg8 33. Qe6+ Kh8 1/2-1/2

[Event "Satka Autumn 2018"]
[Site "Satka"]
[Date "2018.09.12"]
[Round "2"]
[White "Makarenko, Alexandra"]
[Black "Sosnina, Ekaterina"]
[Result "1-0"]
[ECO "B01"]
[WhiteElo "2247"]
[BlackElo "1955"]
[Annotator "NA"]
[PlyCount "45"]
[EventDate "2018.09.11"]
[EventType "swiss"]
[EventCountry "RUS"]
[SourceTitle "playchess.com"]
[Source "ChessBase"]
[SourceQuality "1"]
[TimeControl "40/5400+30:1800+30"]

1. e4 d5 2. exd5 Nf6 3. Nf3 Bg4 4. c4 c6 5. Nc3 a6 6. h3 Bh5 ({Black should play} 6... Bxf3 7. Qxf3 cxd5) 7. Be2 cxd5 8. cxd5 Nxd5 {[%emt 0:00:57] [#]} 9. Qb3 $1 e6 (9... Nxc3 $16 {keeps fighting.} 10. dxc3 (10. bxc3 Nd7 $16) 10... Qc8) 10. Qxb7 $18 Nb4 11. Ne5 Nd7 12. Nxd7 Nc2+ 13. Kd1 Nxa1 14. Bxh5 Be7 15. Nb6 O-O 16. Nxa8 Qa5 17. Bf3 Bf6 18. b4 Qd8 19. Bb2 Qd4 20. Qe4 Qxf2 21. Bxa1 Rd8 22. Qc2 Bg5 23. Ne4 1-0

[Event "Satka Autumn 2018"]
[Site "Satka"]
[Date "2018.09.12"]
[Round "2"]
[White "Semenova, Elena"]
[Black "Mikheeva, Galina"]
[Result "1-0"]
[ECO "C65"]
[WhiteElo "2219"]
[BlackElo "1767"]
[Annotator "NA"]
[PlyCount "71"]
[EventDate "2018.09.11"]
[EventType "swiss"]
[EventCountry "RUS"]
[SourceTitle "playchess.com"]
[Source "ChessBase"]
[SourceQuality "1"]
[TimeControl "40/5400+30:1800+30"]

1. e4 e5 2. Nf3 Nc6 3. Bb5 Nf6 4. d3 Bc5 5. c3 d6 6. O-O O-O 7. Bg5 h6 8. Bh4 Bg4 {[%emt 0:08:19] LiveBook: 4 Games} 9. h3 Bh5 10. g4 Bg6 11. Nbd2 Ne7 $14 12. Bxf6 gxf6 13. Nh4 Kg7 14. Kg2 c6 15. Ba4 d5 16. Qe2 Qc7 17. Bb3 Rad8 18. Rad1 Rh8 19. Rg1 Kf8 20. Qf3 Qd6 21. Nf1 h5 22. Rh1 hxg4 23. hxg4 Kg7 24. Ng3 Rdg8 25. Rh3 a5 26. Rdh1 dxe4 27. dxe4 Qd2 28. Nhf5+ Bxf5 29. Nxf5+ Nxf5 30. Qxf5 Rxh3 31. Rxh3 Kf8 32. Rh7 Rg7 33. Qc8+ Ke7 34. Qc7+ Kf8 35. Rh8+ Rg8 36. Qxf7# 1-0

[Event "Satka Autumn 2018"]
[Site "Satka"]
[Date "2018.09.12"]
[Round "2"]
[White "Trapeznikova, Darya"]
[Black "Svetlova, Ksenia"]
[Result "1-0"]
[ECO "A52"]
[WhiteElo "2107"]
[BlackElo "1696"]
[Annotator "NA"]
[PlyCount "113"]
[EventDate "2018.09.11"]
[EventType "swiss"]
[EventCountry "RUS"]
[SourceTitle "playchess.com"]
[Source "ChessBase"]
[SourceQuality "1"]
[TimeControl "40/5400+30:1800+30"]

1. d4 Nf6 2. c4 e5 3. dxe5 Ng4 4. Bf4 Bb4+ 5. Nd2 Nc6 6. Ngf3 Qe7 7. a3 Bxd2+ 8. Qxd2 Ngxe5 9. Nxe5 Nxe5 10. e3 O-O {[%emt 0:00:31] LiveBook: 24 Games} 11. c5 Re8 12. Rc1 Qf6 13. Be2 b6 14. cxb6 Qxb6 15. O-O Bb7 $16 16. Bxe5 Rxe5 17. Qxd7 Qg6 18. f3 Rxe3 19. Bc4 Rae8 20. Qxc7 Bxf3 21. Bxf7+ Qxf7 22. Qxf7+ Kxf7 23. Rxf3+ Rxf3 24. gxf3 Re3 25. Kf2 Rb3 26. Rc7+ Kf6 27. Rxa7 Rxb2+ 28. Kg3 h6 29. h4 Rb1 30. Ra6+ Kf5 31. Ra5+ Kf6 32. h5 Ra1 33. Kf4 Rh1 34. a4 Rh4+ 35. Kg3 Rh1 36. Rb5 Ra1 37. a5 Ra4 38. f4 Ra1 39. Kg4 Rg1+ 40. Kf3 Ra1 41. Ke4 Ra4+ 42. Kd5 Rxf4 43. Kc6 g5 44. a6 Ra4 45. Kb7 g4 46. a7 g3 47. a8=Q Rxa8 48. Kxa8 g2 49. Rb1 Kg5 50. Rg1 Kxh5 51. Rxg2 Kh4 52. Kb7 Kh3 53. Rg6 h5 54. Kc6 h4 55. Kd5 Kh2 56. Ke4 h3 57. Kf3 1-0

[Event "Satka Autumn 2018"]
[Site "Satka"]
[Date "2018.09.12"]
[Round "2"]
[White "Mukhina, Jana"]
[Black "Charochkina, Daria"]
[Result "1/2-1/2"]
[ECO "B31"]
[WhiteElo "2072"]
[BlackElo "2336"]
[Annotator "NA"]
[PlyCount "74"]
[EventDate "2018.09.11"]
[EventType "swiss"]
[EventCountry "RUS"]
[SourceTitle "playchess.com"]
[Source "ChessBase"]
[SourceQuality "1"]
[TimeControl "40/5400+30:1800+30"]

1. e4 c5 2. Nf3 Nc6 3. Bb5 g6 4. Bxc6 bxc6 {[%emt 0:00:00] LiveBook: 1473 Games} 5. O-O Bg7 6. Re1 Nh6 7. c3 O-O 8. h3 f5 9. e5 Nf7 10. d3 Ba6 11. c4 e6 12. h4 h6 13. Be3 g5 14. hxg5 hxg5 15. Bxc5 g4 $17 16. Bxf8 Qxf8 17. Nh4 Nxe5 18. Nc3 c5 19. Rxe5 Bxe5 20. Ng6 Qf6 21. Nxe5 Qxe5 22. Qd2 f4 23. Re1 Qf5 24. Ne4 Rf8 25. Qa5 Bb7 26. Nd6 Qh5 27. Nxb7 g3 28. Qxc5 Qh2+ 29. Kf1 f3 30. gxf3 g2+ 31. Ke2 g1=Q 32. Rxg1+ Qxg1 33. Nd6 Qc1 34. Qe5 Qc2+ 35. Ke3 Qc1+ 36. Ke2 Qc2+ 37. Ke3 Qc1+ 1/2-1/2

[Event "Satka Autumn 2018"]
[Site "Satka"]
[Date "2018.09.12"]
[Round "2"]
[White "Mironenko, Galina"]
[Black "Schepetkova, Margarita"]
[Result "0-1"]
[ECO "D02"]
[WhiteElo "2021"]
[BlackElo "2238"]
[Annotator "NA"]
[PlyCount "130"]
[EventDate "2018.09.11"]
[EventType "swiss"]
[EventCountry "RUS"]
[SourceTitle "playchess.com"]
[Source "ChessBase"]
[SourceQuality "1"]
[TimeControl "40/5400+30:1800+30"]

1. d4 d5 2. Nf3 Nf6 3. c4 c6 4. g3 Bg4 5. Bg2 {[%emt 0:00:46] LiveBook: 65 Games D11: Slav Defence: 3 Nf3 sidelines and 3...Nf6 4 e3 Bg4} (5. Ne5 Bf5 6. cxd5 Qxd5 7. Nf3 Bxb1 8. Rxb1 Qxa2 9. Qc2 Na6 10. Bd2 e6 11. Bg2 Nb4 12. Qc1 Qa6 {1-0 (54) Dreev,A (2653)-Movsesian,S (2647) Riadh 2017}) 5... e6 6. h3 Bf5 7. O-O Bd6 8. Nc3 O-O 9. Nh4 $146 ({Predecessor:} 9. cxd5 exd5 10. b3 Re8 11. Bb2 Qd7 12. Kh2 Na6 13. Re1 Re7 14. Nh4 Nb4 15. Rc1 Rae8 16. a3 Na6 17. Nxf5 Qxf5 18. b4 Qxf2 19. Qd3 Nh5 {0-1 (19) Ferrua,P-Puricica,A Romania 2000}) 9... Be4 10. Bg5 Bxg2 11. Kxg2 Be7 ({Black should try} 11... dxc4 $15 12. Bxf6 Qxf6) 12. Qd3 Nbd7 13. Nf3 h6 14. Bxf6 Nxf6 15. e4 dxe4 16. Nxe4 Qb6 (16... c5 $5) 17. Rfe1 $11 Rfd8 18. Qc2 Nxe4 19. Rxe4 Bf6 20. c5 Qa6 21. Qc3 Rd5 22. Ne1 b5 23. Nc2 Rd7 24. f4 Rad8 25. a3 Qb7 26. Rd1 Qc7 27. Ne3 g6 28. h4 Bg7 29. Nc2 Re7 30. Qe1 Qd7 31. Kf2 Qe8 32. Qe2 a5 33. g4 f5 34. gxf5 gxf5 35. Re3 Bf6 36. Rh3 Kh7 37. h5 Rg7 38. Qe3 Qg8 39. Qf3 Rd5 40. Rd2 Rg4 41. Ke3 Rxf4 42. Qxf4 Bg5 43. Rg3 Bxf4+ 44. Kxf4 Qd8 45. Rh2 Rd7 46. Re3 Qg5+ 47. Kf3 Qg4+ 48. Kf2 Qf4+ 49. Kg1 Rxd4 50. Rhe2 Rd7 51. Rxe6 Rg7+ 52. Rg6 Rxg6+ 53. hxg6+ Kxg6 54. Re6+ Kf7 55. Re3 Qg4+ 56. Kf2 Qd1 57. Re2 h5 58. Ne3 Qd4 59. Kf3 Qxc5 60. Rc2 Qd4 61. Rh2 f4 62. Nf5 Qe5 63. Nh4 Qe3+ 64. Kg2 Qg3+ 65. Kh1 f3 0-1

[Event "Satka Autumn 2018"]
[Site "Satka"]
[Date "2018.09.12"]
[Round "2"]
[White "Simakova, Elena"]
[Black "Voit, Daria"]
[Result "0-1"]
[ECO "B71"]
[WhiteElo "1935"]
[BlackElo "2369"]
[Annotator "NA"]
[PlyCount "48"]
[EventDate "2018.09.11"]
[EventType "swiss"]
[EventCountry "RUS"]
[SourceTitle "playchess.com"]
[Source "ChessBase"]
[SourceQuality "1"]
[TimeControl "40/5400+30:1800+30"]

1. e4 c5 2. Nf3 d6 3. d4 cxd4 4. Nxd4 Nf6 5. Nc3 g6 6. f4 Nbd7 7. Be3 Bg7 (7... a6 $11 {remains equal.}) 8. Be2 a6 9. O-O O-O 10. Bf3 {[%emt 0:06:21] LiveBook: 28 Games} e5 11. Nb3 exf4 12. Bxf4 Qb6+ 13. Kh1 Ne5 $11 14. Qd2 Be6 15. Rad1 Nc4 16. Qc1 Rfd8 17. Bg5 Rdc8 18. Rd3 Nd7 19. Bh6 Nxb2 20. Qxb2 Bxh6 21. Nd5 Bxd5 22. Rxd5 Ne5 23. Re1 Nxf3 24. gxf3 Qf2 0-1

[Event "Satka Autumn 2018"]
[Site "Satka"]
[Date "2018.09.12"]
[Round "2"]
[White "Matsenko, Elena"]
[Black "Smirnova, Ekaterina"]
[Result "1/2-1/2"]
[ECO "D10"]
[WhiteElo "1854"]
[BlackElo "2202"]
[Annotator "NA"]
[PlyCount "79"]
[EventDate "2018.09.11"]
[EventType "swiss"]
[EventCountry "RUS"]
[SourceTitle "playchess.com"]
[Source "ChessBase"]
[SourceQuality "1"]
[TimeControl "40/5400+30:1800+30"]

1. c4 c6 2. d4 d5 3. cxd5 cxd5 4. Bf4 Nc6 5. e3 Nf6 6. Nc3 Bf5 7. Qb3 Na5 8. Qa4+ Bd7 9. Qc2 Rc8 10. Bd3 e6 11. Nf3 Be7 12. h3 {[%emt 0:00:12] LiveBook: 58 Games} b5 13. a3 Nc4 14. O-O a5 15. Qe2 O-O 16. Ne5 $11 Be8 17. Rfc1 b4 18. axb4 axb4 19. Nd1 Nxe5 20. Bxe5 Rxc1 21. Rxc1 Ba4 22. f3 Qb6 23. Bc7 Qa7 24. Bf4 Ne8 25. Nf2 Bd6 26. Bxd6 Nxd6 27. b3 Bxb3 28. Qb2 Bc4 29. Qxb4 Bxd3 30. Qxd6 Bc4 31. Rb1 h6 32. Ng4 Bd3 33. Qb6 Qxb6 34. Rxb6 Ra8 35. Ne5 Bh7 36. Rb3 f6 37. Nd7 Bg6 38. Nc5 Bf7 39. f4 Re8 40. Kf2 1/2-1/2

[Event "Satka Autumn 2018"]
[Site "Satka"]
[Date "2018.09.12"]
[Round "2"]
[White "Stroganova, Karina"]
[Black "Nosacheva, Mariya"]
[Result "1-0"]
[ECO "A48"]
[WhiteElo "1711"]
[BlackElo "2073"]
[Annotator "NA"]
[PlyCount "55"]
[EventDate "2018.09.11"]
[EventType "swiss"]
[EventCountry "RUS"]
[SourceTitle "playchess.com"]
[Source "ChessBase"]
[SourceQuality "1"]
[TimeControl "40/5400+30:1800+30"]

1. d4 Nf6 2. Nf3 g6 3. Bf4 Bg7 4. e3 d6 {[%emt 0:00:10] LiveBook: 1195 Games} 5. Be2 O-O 6. O-O Nc6 {[%emt 0:05:31] A48: 1 d4 Nf6 2 Nf3 g6: Torre, London and Colle Systems} (6... c5 7. c3 b6 8. h3 Bb7 9. Nbd2 Nbd7 10. a4 a6 11. Bh2 Ne4 12. Nxe4 Bxe4 13. Bd3 Bxd3 14. Qxd3 Qc7 15. Rfd1 Rfc8 16. Qe2 Qb7 17. e4 cxd4 18. cxd4 Rc7 19. e5 {1-0 (61) Vachier Lagrave,M (2779)-Grischuk,A (2766) Saint Louis 2018}) 7. c4 Nh5 8. Bg5 h6 9. Bh4 g5 10. Nfd2 Nf4 11. exf4 gxh4 12. Nf3 h3 13. Nc3 $146 ({Predecessor:} 13. g3 e5 14. fxe5 dxe5 15. dxe5 Nxe5 {0-1 (33) Thinon,L (1777)-Bedouin,X (2403) Saint Affrique 2010}) 13... hxg2 14. Kxg2 Bg4 ({Of course not} 14... Qd7 $6 15. Kh1 $14) (14... e5 $15) 15. d5 Nb8 (15... Bxf3+ $1 $11 {keeps the balance.} 16. Bxf3 Nd4) 16. Rg1 Kh8 17. Kh1 Qd7 $18 {[%emt 0:07:33] [#]} (17... Bxf3+ $16 {is a better chance.} 18. Bxf3 Bxc3) 18. Nh4 $1 Bxe2 19. Qxe2 Rg8 20. Qh5 e6 21. Rg3 Qe7 22. Rag1 Kh7 23. Ne4 f6 24. Qg6+ Kh8 25. Nxf6 Qxf6 26. Qxf6 Bxf6 27. Rxg8+ Kh7 28. dxe6 1-0

[Event "Satka Autumn 2018"]
[Site "Satka"]
[Date "2018.09.12"]
[Round "2"]
[White "Sosnina, Nadezhda"]
[Black "Telelyukhina, Elizaveta"]
[Result "1-0"]
[ECO "B06"]
[WhiteElo "1659"]
[BlackElo "1403"]
[Annotator "NA"]
[PlyCount "63"]
[EventDate "2018.09.11"]
[EventType "swiss"]
[EventCountry "RUS"]
[SourceTitle "playchess.com"]
[Source "ChessBase"]
[SourceQuality "1"]
[TimeControl "40/5400+30:1800+30"]

1. e4 g6 2. d4 Bg7 3. Nc3 c6 4. Bc4 d6 5. Qf3 e6 6. Nge2 Ne7 7. Bg5 O-O 8. Bf6 Qc7 9. h4 d5 10. h5 h6 11. Bd3 g5 12. e5 Bxf6 13. Qxf6 Nf5 14. Bxf5 exf5 15. Qxh6 Qd8 16. Ng1 Re8 17. Nf3 f6 18. Qg6+ Kh8 19. h6 Qe7 20. O-O-O fxe5 21. Nxg5 Rf8 22. dxe5 f4 23. e6 Rf6 24. Nf7+ Rxf7 25. exf7 Qf8 26. h7 Qg7 27. Qxg7+ Kxg7 28. h8=Q+ Kxf7 29. Rde1 Bd7 30. Rh7+ Kg6 31. Rg7+ Kf5 32. Qf8# 1-0